 Dungeon Crawl Stone Soup version 0.27-a0-1006-g1fd4cec11e (webtiles) character file.

Game seed: 10129368066637931108

18165 siradein the Basher (level 12, -2/85 HPs)
             Began as a Vampire Fighter on Apr 17, 2021.
             Was a Priest of Yredelemnul.
             Slain by a bone dragon (5 damage)
             ... on level 1 of the Abyss.
             The game lasted 02:26:39 (14944 turns).

siradein the Basher (Vampire Fighter)              Turns: 14944, Time: 02:26:40

Health: -2/85      AC: 15    Str: 18    XL:     12   Next: 25%
Magic:  19/19      EV: 11    Int: 13    God:    Yredelemnul [***...]
Gold:   933        SH: 10    Dex: 17    Spells: 18/18 levels left

rFire    . . .     SeeInvis +   L - +4 scimitar (flame)
rCold    . . .     Faith    .   c - +0 kite shield
rNeg     . . .     Spirit   .   P - +0 ring mail {rPois}
rPois    +         Reflect  .   y - +1 helmet of the Equinox {Contam Int+2 Dex+2}
rElec    .         Harm     .   S - +0 cloak
rCorr    +         Rampage  .   V - +0 pair of gloves
Will     +....                  z - +0 pair of boots
Stlth    ..........             (no amulet)
HPRegen  0.44/turn              l - +4 ring of protection
MPRegen  0.16/turn              a - ring of resist corrosion

@: about to teleport, silenced, regenerating quickly
A: alive, fangs 3, see invisible, unbreathing 1, vampiric 2
a: Exsanguinate, Renounce Religion


You were on level 1 of the Abyss.
You worshipped Yredelemnul.
Yredelemnul was most pleased with you.
You visited 2 branches of the dungeon, and saw 14 of its levels.
You visited the Abyss 1 time.
You also visited: Ossuary.

You collected 933 gold pieces.

Inventory:

Hand Weapons
 B - a +1 morningstar of protection
 D - the +3 arbalest "Baoscheho" {flame, rElec rN+ Dex+2}
   (You found it on level 1 of the Lair of Beasts)

   It causes projectiles fired from it to burn those they strike, causing extra
   injury to most foes and up to half again as much damage against particularly
   susceptible opponents.
   It affects your dexterity (+2).
   It insulates you from electricity.
   It protects you from negative energy.
 F - the +10 dark maul {vorpal}
   (You found it on level 6 of the Dungeon)

   It inflicts extra damage upon your enemies.
 L - a +4 scimitar of flaming (weapon)
Missiles
 n - 74 poisoned darts
 o - 9 atropa-tipped darts
 C - 4 throwing nets
 Q - 97 stones
 T - 81 bolts
Armour
 c - a +0 kite shield (worn)
 y - the +1 helmet of the Equinox (worn) {Contam Int+2 Dex+2}
   (You found it on level 4 of the Dungeon)

   It affects your intelligence (+2).
   It affects your dexterity (+2).
   It causes magical contamination when unequipped.
 z - a +0 pair of boots (worn)
 P - a +0 ring mail of poison resistance (worn)
 S - a +0 cloak (worn)
 V - a +0 pair of gloves (worn)
Jewellery
 a - a ring of resist corrosion (right hand)
 l - a +4 ring of protection (left hand)
 N - a ring of ice
Wands
 q - a wand of mindburst (16)
 H - a wand of acid (11)
 J - a wand of paralysis (15)
 U - a wand of digging (2)
Scrolls
 b - 8 scrolls of magic mapping
 e - 4 scrolls of enchant weapon
 f - 2 scrolls of vulnerability
 g - 6 scrolls of teleportation
 m - 3 scrolls of blinking {unknown}
 p - 2 scrolls of fear {unknown}
 r - 2 scrolls of immolation {unknown}
 A - 2 scrolls of fog
Potions
 d - 2 potions of might
 i - 5 potions of attraction
 k - a potion of brilliance
 s - 2 potions of invisibility
 t - a potion of haste
 u - 3 potions of lignification
 v - 2 potions of ambrosia
 w - 4 potions of curing
 G - 2 potions of heal wounds
 I - 2 potions of berserk rage
 K - a potion of flight
 M - 2 potions of cancellation
 O - a potion of resistance
 R - a potion of magic
Miscellaneous
 W - a tin of tremorstones (2/2)


   Skills:
 + Level 4.8 Fighting
 - Level 8.2 Long Blades
 * Level 9.9 Maces & Flails
 + Level 4.3 Armour
 + Level 4.5 Dodging
 + Level 6.0 Shields
 + Level 3.6 Spellcasting
 + Level 9.5 Invocations


You had 18 spell levels left.
You didn't know any spells.
Your spell library contained the following spells:

 Spells                   Type           Power      Damage    Failure   Level
 Beastly Appendage        Tmut           4%         N/A       77%         1
 Foxfire                  Conj/Fire      8%         2x1d4     77%         1
 Magic Dart               Conj           8%         1d3       77%         1
 Corpse Rot               Necr/Air       N/A        N/A       88%         2
 Searing Ray              Conj           4%         3d3       88%         2
 Wereblood                Tmut           2%         N/A       88%         2
 Call Canine Familiar     Summ           2%         N/A       98%         3
 Confusing Touch          Hex            2%         N/A       98%         3
 Dazzling Flash           Conj/Hex       4%         N/A       98%         3
 Gell's Gravitas          Tloc           1%         N/A       98%         3
 Spider Form              Tmut/Pois      1%         N/A       98%         3
 Stone Arrow              Conj/Erth      4%         3d7       98%         3
 Dispel Undead            Necr           2%         3d7       100%        4
 Fulminant Prism          Conj/Hex       1%         3d6       100%        4
 Ice Form                 Ice/Tmut       2%         N/A       100%        4
 Iskenderun's Mystic Bla  Conj/Tloc      2%         2d3       100%        4
 Petrify                  Tmut/Erth      2%         N/A       100%        4
 Agony                    Necr           2%         N/A       100%        5
 Excruciating Wounds      Necr           1%         N/A       100%        5
 Fireball                 Conj/Fire      1%         3d3       100%        5
 Hydra Form               Tmut           1%         N/A       100%        5
 Metabolic Englaciation   Hex/Ice        1%         N/A       100%        5
 Yara's Violent Unravell  Hex/Tmut       1%         3d3       100%        5
 Orb of Destruction       Conj           1%         N/A       100%        7
 Sublimation of Blood     Necr           Unusable   N/A       N/A         2

Dungeon Overview and Level Annotations

Branches:
Dungeon (11/15)            Temple (0/1) D:4            Lair (3/6) D:9
 Spider (0/4) Lair:2          Orc (0/2) D:9         Ossuary (visited)
  Swamp: Lair:2-4    Shoals: Lair:2-4

Altars:
Cheibriados
Elyvilon
Hepliaklqana
Okawaru
Qazlal
Vehumet
Wu Jian
Yredelemnul
The Shining One

Shops:
D:7 ?

Annotations:
Lair:3 Sonja


Innate Abilities, Weirdness & Mutations

Your natural rate of healing is unusually fast.
You have razor-sharp teeth.
You have supernaturally acute eyesight. (SInv)
You can survive without breathing.
You are afflicted with vampirism and can become a bat while bloodless.


Message History

You hear a roar!
The bone dragon bites you but does no damage.
The bone dragon claws you. You block the bone dragon's attack.
Drop what? 48/52 slots (_ for help) (? for menu, Esc to quit)
You drop 2 scrolls of noise.
You block the bone dragon's attack. The bone dragon claws you!
The bone dragon barely misses you.
As you read the scroll labelled KASHRAU TUN YLE, it crumbles to dust.
You speak a Word of immense power!
You are blasted by holy energy!
* * * LOW HITPOINT WARNING * * *
The bone dragon convulses!
The ufetubus convulses!
You kill the ufetubus!
Yredelemnul forgives your inadvertent holy act, just this once.
It was a scroll of holy word.
You block the bone dragon's attack. The bone dragon claws you.
* * * LOW HITPOINT WARNING * * *
The bone dragon tramples you.
* * * LOW HITPOINT WARNING * * *
You hold your ground!
You feel much better. The bone dragon bites you!
* * * LOW HITPOINT WARNING * * *
The bone dragon claws you.
* * * LOW HITPOINT WARNING * * *
The bone dragon misses you.
As you read the scroll labelled BYNTUUHEMEUN, it crumbles to dust.
A profound silence engulfs you.
It was a scroll of silence.
The ynoxinul gestures.
The bone dragon is lost in a daze.
The bone dragon is lost in a daze.
The ynoxinul is lost in a daze.
The bone dragon bites you!
* * * LOW HITPOINT WARNING * * *
The bone dragon claws you but does no damage.
The bone dragon tramples you.
* * * LOW HITPOINT WARNING * * *
You hold your ground!
The bone dragon bites you but does no damage.
The bone dragon claws you!
* * * LOW HITPOINT WARNING * * *
The bone dragon tramples you.
You die...
Yredelemnul claims you as an undead slave.

# ## .# # .
.#### ##
#######..###.
#. #@##...
#.##5b###
##D#§ ...#.§
##..#
#x35.#.#.5# .
#25#5...#
#... #
≈≈.#...#...
#.. # ≈. #[.
# .# ...#
.≈≈≈≈ ...##..
.# # .# #
.≈≈≈ #.# #..
###
.#≈#≈≈≈..# #


You could see a bone dragon (dazed), an ancient zyme and a ynoxinul (dazed).

Vanquished Creatures
  A hydra (Lair:2)
  Pikel (D:8)
  An oklob plant (Lair:3)
  A gargoyle (D:11)
  A cane toad (Lair:1)
  3 komodo dragons
  A tormentor (Abyss:1)
  2 trolls
  A jumping spider (Lair:2)
  A blink frog (Lair:1)
  A redback (Lair:2)
  3 fire bats (Abyss:1)
  5 yaks (Lair:1)
  A basilisk (Lair:2)
  A steam dragon (D:6)
  A vampire mosquito (D:11)
  A water moccasin (D:6)
  2 sky beasts
  4 orc warriors
  A black bear (D:9)
  5 centaurs
  5 wolves (Lair:2)
  2 phantoms
  2 kobold brigands
  5 bullfrogs
  A water moccasin skeleton (D:5)
  27 killer bees
  A wight (D:8)
  2 centaur zombies
  A bullfrog zombie (D:6)
  4 hounds
  5 iguanas
  2 orc priests
  5 orc wizards
  A mummy (Ossuary)
  2 hound skeletons (D:5)
  7 gnolls
  6 adders
  A white imp (D:3)
  An ufetubus (D:6)
  An adder skeleton (D:4)
  2 worms
  A dart slug (D:1)
  23 orcs
  4 spectral bats (Ossuary)
  9 ball pythons
  4 endoplasms
  2 giant cockroaches
  12 goblins
  7 hobgoblins
  22 kobolds
  3 quokkas
  A ball python zombie (D:3)
  6 bats
  3 bat simulacra (Ossuary)
  4 frilled lizards
  A giant cockroach zombie (D:3)
  12 gnoll zombies (Ossuary)
  7 goblin simulacra (Ossuary)
  2 goblin skeletons (D:3)
  9 goblin zombies
  6 hobgoblin zombies
  A kobold simulacrum (Ossuary)
  3 kobold skeletons (D:3)
  5 kobold zombies (Ossuary)
  An orc skeleton (D:3)
  4 orc zombies
  9 rats
  A rat simulacrum (Ossuary)
  3 spectral goblins (Ossuary)
  4 spectral kobolds (Ossuary)
  2 spectral rats (Ossuary)
292 creatures vanquished.

Vanquished Creatures (collateral kills)
  Harold (D:8)
  2 hydras
  Erica (D:9)
  A two-headed ogre (D:11)
  3 oklob plants (Lair:3)
  Joseph (D:8)
  Maurice (D:9)
  5 cane toads
  A rime drake (Lair:3)
  An unseen horror (D:10)
  A komodo dragon (Lair:2)
  2 jumping spiders (Lair:2)
  2 polar bears
  2 trolls
  A wyvern (D:9)
  A yak (Lair:1)
  2 vampires
  2 basilisks
  3 vampire mosquitoes (D:11)
  2 acid dragons
  8 water moccasins
  2 sky beasts
  5 black bears
  3 orc warriors
  2 ice beasts
  5 wolves (Lair:2)
  2 ogres (D:6)
  6 centaurs
  2 lemures (D:8)
  2 phantoms
  5 kobold brigands
  9 bullfrogs
  2 water moccasin zombies (D:6)
  A wyvern zombie (D:7)
  2 scorpions
  A water moccasin skeleton (D:6)
  31 killer bees
  6 wights (D:8)
  2 centaur zombies
  A bullfrog zombie (D:7)
  2 orc priests
  A jelly (D:7)
  2 hounds (D:6)
  A bullfrog skeleton (D:6)
  An iron imp (D:7)
  3 iguanas
  An orc wizard (D:6)
  A howler monkey skeleton (D:7)
  4 gnolls
  2 adders (D:6)
  A white imp (D:6)
  An ufetubus (D:6)
  20 orcs
  2 goblins (D:5)
  3 hobgoblins (D:5)
  20 kobolds
  A butterfly (Lair:2)
198 creatures vanquished.

Vanquished Creatures (others)
  12 flying skulls
  A hornet zombie (D:8)
  A wight (D:11)
  7 killer bee zombies (Lair:1)
  4 bullfrog zombies
  A sky beast zombie (D:6)
  A yak zombie (Lair:1)
  2 hound zombies
  2 kobold zombies (D:9)
  A water moccasin zombie (D:9)
  74 fungi
  95 plants
201 creatures vanquished.

Grand Total: 691 creatures vanquished

Notes
Turn   | Place    | Note
-------+----------+-------------------------------------------
     0 | D:1      | siradein the Vampire Fighter began the quest for the Orb.
     0 | D:1      | Reached XP level 1. HP: 17/17 MP: 1/1
   123 | D:1      | Reached XP level 2. HP: 23/23 MP: 2/2
   521 | D:1      | Gained mutation: You are afflicted with vampirism and can
                  | become a bat while bloodless. [Vampire growth]
   521 | D:1      | Reached XP level 3. HP: 26/28 MP: 3/3
   699 | D:1      | Found a faded altar of an unknown god.
  1173 | D:2      | Reached XP level 4. HP: 30/34 MP: 4/4
  1791 | D:3      | Reached skill level 5 in Long Blades
  1794 | D:3      | Found a basalt altar of Yredelemnul.
  1828 | D:3      | Became a worshipper of Yredelemnul the Dark
  2006 | D:3      | Found an ornate altar of the Wu Jian Council.
  2128 | D:3      | Reached XP level 5. HP: 24/39 MP: 5/5
  2147 | D:3      | HP: 1/39 [gnoll/+0 halberd (4)]
  2597 | D:3      | Reached * piety under Yredelemnul
  2621 | D:3      | Reached skill level 1 in Invocations
  2885 | D:4      | Found a sand-covered staircase.
  2893 | Ossuary  | Entered an ossuary
  3045 | Ossuary  | Reached ** piety under Yredelemnul
  3436 | D:4      | Found a staircase to the Ecumenical Temple.
  3521 | D:4      | Found a stormy altar of Qazlal.
  3601 | D:4      | Identified the +1 helmet of the Equinox {Contam Int+2
                  | Dex+2}
  3719 | D:4      | Noticed a phantom
  3741 | D:4      | Killed a phantom
  3742 | D:4      | Reached XP level 6. HP: 45/46 MP: 7/7
  4096 | D:5      | Entered Level 5 of the Dungeon
  4219 | D:5      | Noticed an orc warrior
  4230 | D:5      | Reached *** piety under Yredelemnul
  4268 | D:5      | Killed an orc warrior
  4269 | D:5      | Reached XP level 7. HP: 43/51 MP: 7/9
  5195 | D:5      | Received a gift from Yredelemnul (a wight)
  5426 | D:6      | Reached skill level 5 in Shields
  5426 | D:6      | Reached **** piety under Yredelemnul
  5427 | D:6      | Reached XP level 8. HP: 53/57 MP: 5/10
  5511 | D:6      | Received a gift from Yredelemnul (4 flying skulls)
  5942 | D:6      | Received a gift from Yredelemnul (a mummy)
  6014 | D:6      | Found the +10 dark maul {vorpal}
  6020 | D:6      | Identified Sif Muna's Guide on Supportive Confrontation
  6126 | D:6      | Reached skill level 1 in Maces & Flails
  6126 | D:6      | Reached skill level 5 in Invocations
  6326 | D:6      | Reached XP level 9. HP: 39/62 MP: 13/13
  6801 | D:7      | Received a gift from Yredelemnul (a wraith)
  6952 | D:7      | Received a gift from Yredelemnul (5 flying skulls)
  7048 | D:7      | Found Gemirebu's Magic Scroll Shoppe.
  7182 | D:7      | Found a snail-covered altar of Cheibriados.
  7347 | D:7      | Found a radiant altar of Vehumet.
  7451 | D:8      | Noticed Joseph
  7460 | D:8      | Killed Joseph
  7602 | D:8      | Noticed Harold
  7603 | D:8      | Noticed Pikel
  7609 | D:8      | Killed Harold
  7610 | D:8      | Reached skill level 5 in Maces & Flails
  7613 | D:8      | Killed Pikel
  8003 | D:8      | Reached XP level 10. HP: 55/68 MP: 15/15
  8158 | D:9      | Noticed Erica
  8164 | D:9      | Reached ***** piety under Yredelemnul
  8173 | D:9      | Killed Erica
  8185 | D:9      | Received a gift from Yredelemnul (4 flying skulls)
  8229 | D:9      | Found a staircase to the Lair.
  8273 | D:9      | Noticed Maurice
  8276 | D:9      | Killed Maurice
  8644 | D:9      | Received a gift from Yredelemnul (a wraith)
  8680 | D:9      | Found a staircase to the Orcish Mines.
  8851 | D:10     | Entered Level 10 of the Dungeon
  8879 | D:10     | Received a gift from Yredelemnul (a phantasmal warrior)
  9440 | D:10     | Found an iron altar of Okawaru.
  9697 | D:10     | Received a gift from Yredelemnul (a wraith)
  9859 | D:10     | Found a hazy altar of Hepliaklqana.
  9918 | D:11     | Noticed a two-headed ogre
  9924 | D:11     | Killed a two-headed ogre
  9964 | D:11     | Reached XP level 11. HP: 61/74 MP: 15/17
  9966 | D:11     | Reached skill level 1 in Dodging
 10268 | D:11     | Reached skill level 1 in Spellcasting
 10674 | D:11     | Upgraded the game from 0.27-a0-998-g4cfe56dd59 to
                  | 0.27-a0-1006-g1fd4cec11e
 10851 | D:11     | Noticed a seven-headed hydra
 10855 | D:11     | Killed a six-headed hydra
 11085 | Lair:1   | Entered Level 1 of the Lair of Beasts
 11187 | Lair:1   | Identified the +3 arbalest "Baoscheho" {flame, rElec rN+
                  | Dex+2}
 11879 | Lair:1   | Received a gift from Yredelemnul (a wraith)
 12839 | Lair:2   | Noticed a four-headed hydra
 12847 | Lair:2   | Killed a one-headed hydra
 13663 | Lair:2   | Found a hole to the Spider Nest.
 13801 | Lair:2   | Reached XP level 12. HP: 73/84 MP: 19/19
 14244 | Lair:3   | Noticed a seven-headed hydra
 14248 | Lair:3   | Killed a six-headed hydra
 14351 | Lair:3   | Received a gift from Yredelemnul (a vampire)
 14693 | Lair:3   | Noticed Sonja
 14700 | Lair:3   | Cast into level 1 of the Abyss (Sonja)
 14784 | Abyss:1  | HP: 3/84 [tormentor (5)]
 14924 | Abyss:1  | Noticed a bone dragon
 14944 | Abyss:1  | HP: 3/85 [bone dragon (11)]
 14944 | Abyss:1  | Slain by a bone dragon

Illustrated notes

Levels and vault maps discovered:
D:1:      lightli_arrival_farm, layout_loops_ring,
          hellmonk_ecumenical_altar_inner_sanctum
D:2:      layout_basic, hex_tiny, minmay_tetromino_t4
D:3:      layout_basic, nicolae_tso_besieged_by_evil,
          lemuel_zombie_altar_yredelemnul, nzn_wu_jian_contemplation
D:4:      layout_loops_ring, lemuel_doored_altar, minmay_temple_entry_ruins,
          chequers_ossuary_entry_cave, eino_small_chamber_without_monster,
          skrybe_limestone_x
D:5:      corexii_shantytown, layout_cave_pools, chequers_serial_rivers_micro_c,
          minmay_bent
D:6:      kennysheep_windowed_halls, layout_basic
D:7:      layout_cave_pools, general_overflow_altar, slow_altar_1,
          elyvilon_altar_1, serial_shops, shop
D:8:      layout_gridville, minmay_misc_feat_doors, uniq_harold, uniq_joseph,
          uniq_pikel
D:9:      layout_basic, due_lair_maze_entry_diamond, hiddenorc1_lemuel,
          uniq_erica, uniq_maurice
D:10:     layout_irregular_city, okawaru_trees_2,
          nicolae_overflow_hidden_temple, grunt_ministairs_1
D:11:     layout_grid_maze
Lair:1:   wad_woods_minihive, layout_chaotic_city, pond
Lair:2:   layout_chaotic_city, spider_nest_entry_funnel_web,
          chequers_serial_rivers_room_a, lemuel_fruit_fields
Lair:3:   layout_long_grid, palyth_hydra_swamp_entry,
          infiniplex_staircase_pool_2, minmay_lair_oklob_chamber, uniq_sonja
Abyss:1:  base:
D:15

Skill      XL: |  1  2  3  4  5  6  7  8  9 10 11 12 |
---------------+-------------------------------------+-----
Long Blades    | 3 4 5 6 8 |  8.2
Shields        | 3 4 5 6 |  6.0
Invocations    | 1 2 3 5 7 8 9 |  9.5
Maces & Flails | 2 6 8 9 |  9.9
Fighting       | 4 |  4.8
Dodging        | 3 4 |  4.5
Spellcasting   | 3 |  3.6
Armour         | 3 4 |  4.3

Action                   |  1- 3 |  4- 6 |  7- 9 | 10-12 || total
-------------------------+-------+-------+-------+-------++-------
Melee: Long sword        |    92 |   373 |   243 |       ||   708
       Bite              |    11 |    44 |    40 |    43 ||   138
       Maul              |       |       |    18 |       ||    18
       Whip              |       |       |    38 |    14 ||    52
       Scimitar          |       |       |       |   226 ||   226
       Morningstar       |       |       |       |   109 ||   109
Invok: Animate Dead      |       |     1 |    37 |    62 ||   100
       Injury Mirror     |       |       |     3 |    10 ||    13
       Drain Life        |       |       |       |     2 ||     2
       Recall Undead Sla |       |       |       |     9 ||     9
  Use: Scroll            |       |     5 |     3 |    15 ||    23
       Potion            |       |       |       |     2 ||     2
 Stab: Distracted        |       |       |     2 |     5 ||     7
Armor: Scale mail        |     8 |       |       |       ||     8
       Chain mail        |    47 |   254 |       |       ||   301
       Plate armour      |       |       |   254 |    98 ||   352
       Ring mail         |       |       |       |   218 ||   218
Dodge: Dodged            |    19 |    57 |    41 |   224 ||   341
Block: Kite shield       |    43 |   174 |   173 |   329 ||   719
       Rpst.: Long sword |     6 |    22 |     4 |       ||    32
       Scimitar          |       |       |       |    34 ||    34

Table legend: (Time is in decaauts)
 A = Elapsed time spent in this place.
 B = Non-inter-level travel time spent in this place.
 C = Inter-level travel time spent in this place.
 D = Time resting spent in this place.
 E = Time spent auto-exploring this place.
 F = Levels seen in this place.
 G = Mean time per level.
                   A        B        C        D        E       F      G
               +--------+--------+--------+--------+--------+-----+--------+
         Total |  17934 |  16749 |   1185 |    176 |  13241 |  16 | 1120.9 |
       Dungeon |  12999 |  11986 |   1013 |     38 |   9611 |  11 | 1181.7 |
          Lair |   4150 |   3979 |    171 |      2 |   3380 |   3 | 1383.3 |
         Abyss |    253 |    253 |      0 |    136 |      0 |   1 |  253.0 |
       Ossuary |    531 |    531 |      0 |      0 |    249 |   1 |  531.0 |
               +--------+--------+--------+--------+--------+-----+--------+

Top non-repeatable levels by time:
     D:6: 2154 daAuts
  Lair:1: 2007 daAuts
    D:11: 1565 daAuts
  Lair:2: 1487 daAuts
     D:5: 1306 daAuts
    D:10: 1276 daAuts
     D:3: 1237 daAuts
     D:2: 998 daAuts
     D:7: 937 daAuts
     D:9: 934 daAuts
     D:8: 934 daAuts
     D:1: 858 daAuts
     D:4: 796 daAuts
  Lair:3: 655 daAuts
 Ossuary: 531 daAuts
